 Dungeon Crawl Stone Soup version 0.21.1-1-g345015f (webtiles) character file.

200 vatarom the Conjurer (level 5, -3/42 HPs)
             Began as a Draconian Conjurer on Mar 23, 2018.
             Slain by an orc wizard
             ... wielding a +0 dagger
              (5 damage)
             ... on level 3 of the Dungeon.
             The game lasted 00:06:43 (3249 turns).

vatarom the Conjurer (Draconian Conjurer)           Turns: 3249, Time: 00:06:44

Health: -3/42      AC:  5    Str: 10    XL:     5   Next: 49%
Magic:  1/9        EV: 12    Int: 17    God:
Gold:   186        SH:  0    Dex: 11    Spells: 4/10 levels left

rFire    . . .     SeeInvis .   k - +0 flail
rCold    . . .     Gourm    .   (no shield)
rNeg     . . .     Faith    .   (armour unavailable)
rPois    .         Spirit   .   (helmet restricted)
rElec    .         Reflect  .   (no cloak)
rCorr    .         Harm     .   (no gloves)
MR       .....                  (no boots)
Stlth    ++........             (no amulet)
HPRegen  0.14/turn              (no ring)
MPRegen  0.11/turn              (no ring)

@: no status effects
A: unfitting armour, cold-blooded, AC +5
a: no special abilities


You were on level 3 of the Dungeon.
You were not hungry.

You visited 1 branch of the dungeon, and saw 3 of its levels.

You collected 186 gold pieces.

Inventory:

Hand Weapons
 h - a +0 blowgun
 k - a +0 flail (weapon)
Missiles
 i - 6 poisoned needles
Scrolls
 d - 3 scrolls of remove curse
Potions
 f - 2 potions of brilliance
 j - 2 potions of agility
Books
 a - a book of Conjurations

   Spells                             Type                      Level
   a - Magic Dart                     Conjuration                  1
   b - Searing Ray                    Conjuration                  2
   c - Dazzling Spray                 Conjuration/Hexes            3
   d - Fulminant Prism                Conjuration/Hexes            4
   e - Force Lance                    Conjuration/Translocation    4
   f - Iskenderun's Mystic Blast      Conjuration                  4
Comestibles
 b - 6 rations


   Skills:
 + Level 2.7 Fighting
 - Level 1.7 Dodging
 - Level 1.7 Stealth
 + Level 3.1 Spellcasting
 * Level 5.6 Conjurations


You had 4 spell levels left.
You knew the following spells:

 Your Spells              Type           Power        Failure   Level  Hunger
a - Magic Dart            Conj           ###.         1%          1    None
b - Searing Ray           Conj           ###...       2%          2    ##.....
c - Dazzling Spray        Conj/Hex       ##....       16%         3    ###....


Dungeon Overview and Level Annotations

Branches:
Dungeon (3/15)

Altars:
Cheibriados
Nemelex Xobeh
Uskayaw
Xom
Yredelemnul


Innate Abilities, Weirdness & Mutations

Your plain brown scales are hard. (AC +5)
You cannot fit into any form of body armour.
You are cold-blooded and may be slowed by cold attacks.


Message History

* * * LOW HITPOINT WARNING * * *
Casting: Searing Ray
Confirm with . or Enter, or press ? or * to list all spells.
Aiming: Searing Ray
Press: ? - help, Shift-Dir - straight line, f - orc
Aim: an orc, wielding a short sword (almost dead)
The searing ray hits something. (Press . to maintain the ray.)
Something hits you but does no damage.
Unknown command.
The searing ray hits the orc.
You kill the orc!
Unknown command.
The searing ray hits something.
You hear some strange, mumbled words.
A puff of flame appears from out of thin air!
The puff of flame hits you!
* * * LOW HITPOINT WARNING * * *
Something hits you.
You die...

#.# #.##### #.#
##.....# #.#
##...# #.#
##...## #.#
###..#.# #.#
####.).##.# ♣.♣
#...[###..o
##.#♣♣.♣♣#).###
####
#......@)o...##
#...#♣♣.♣♣#....#
#. ♣.♣ #....#
...###.###....#
#..............#
#..........?...#
##............##
##..........##
############


You could see an orc.

Vanquished Creatures
  A crimson imp (D:3)
  An orc priest (D:3)
  A gnoll (D:1)
  3 adders
  An ooze (D:3)
  A worm (D:2)
  2 dart slugs
  3 leopard geckos
  11 orcs (D:3)
  7 bats
  6 giant cockroaches
  6 goblins
  6 hobgoblins
  5 jackals (D:3)
  8 kobolds
  A quokka (D:3)
  2 ball pythons (D:1)
  2 frilled lizards (D:1)
  A leopard gecko skeleton (D:3)
  6 rats
74 creatures vanquished.

Notes
Turn   | Place    | Note
-------+----------+-------------------------------------------
     0 | D:1      | vatarom the Draconian Conjurer began the quest for the Orb.
     0 | D:1      | Reached XP level 1. HP: 14/14 MP: 3/3
   168 | D:1      | Reached XP level 2. HP: 22/22 MP: 0/5
   477 | D:1      | Reached skill level 1 in Fighting
   683 | D:1      | Learned a level 2 spell: Searing Ray
   948 | D:1      | Reached XP level 3. HP: 19/28 MP: 2/6
  1504 | D:2      | Found a snail-covered altar of Cheibriados.
  1727 | D:2      | Reached XP level 4. HP: 33/36 MP: 0/7
  1757 | D:2      | Learned a level 3 spell: Dazzling Spray
  2622 | D:3      | Reached skill level 5 in Conjurations
  3117 | D:3      | Reached XP level 5. HP: 37/42 MP: 1/9
  3154 | D:3      | Found a hazy altar of Hepliaklqana.
  3156 | D:3      | Found a hide-covered altar of Uskayaw.
  3156 | D:3      | Found a basalt altar of Yredelemnul.
  3158 | D:3      | Found a sparkling altar of Nemelex Xobeh.
  3158 | D:3      | Found a sparkling altar of Nemelex Xobeh.
  3158 | D:3      | Found a shimmering altar of Xom.
  3249 | D:3      | HP: 2/42 [something/puff of flame (9)]
  3249 | D:3      | Slain by an orc wizard

Skill      XL: |  1  2  3  4 |
---------------+-------------+-----
Fighting       | 1 2 |  2.7
Conjurations   | 5 |  5.6
Spellcasting   | 3 |  3.1
Dodging        | |  1.7
Stealth        | |  1.7

Action                   |  1- 3 |  4- 6 || total
-------------------------+-------+-------++-------
Melee: Unarmed           |    15 |       ||    15
       Dagger            |    67 |    92 ||   159
       Tailslap          |     4 |    10 ||    14
       Flail             |       |     4 ||     4
 Fire: Blowgun           |       |     2 ||     2
 Cast: Magic Dart        |    33 |    31 ||    64
       Searing Ray       |     3 |     6 ||     9
       Dazzling Spray    |       |     1 ||     1
  Use: Scroll            |     3 |     7 ||    10
       Potion            |     1 |     1 ||     2
 Stab: Sleeping          |     2 |     2 ||     4
  Eat: Ration            |     1 |       ||     1
       Chunk             |       |     5 ||     5
Armor: Skin              |    27 |    42 ||    69
Dodge: Dodged            |    59 |    86 ||   145
